 Dungeon Crawl Stone Soup version 0.31-a0-532-g28f74ba3e5 (webtiles) character file.

Game seed: 12176092962894958620

2499 Shayle the Gusty (level 9, -3/75 (78) HPs)
             Began as an Ogre Shapeshifter on Aug 13, 2023.
             Was an Initiate of Ashenzari.
             Slain by a wight
             ... wielding a +3 spear
              (7 damage)
             ... on level 7 of the Dungeon.
             The game lasted 00:13:24 (8286 turns).

Shayle the Gusty (Ogre Shapeshifter)                Turns: 8286, Time: 00:13:28

HP:   -3/75 (78)    AC:  7    Str: 21    XL:     9   Next: 53%
MP:   19/19         EV:  9    Int: 13    God:    Ashenzari [......]
Gold: 409           SH:  0    Dex:  9    Spells: 18/22 levels left

rFire   + . .        t - +7 lajatang of Order {silver, rMut}
rCold   . . .        (shield currently unavailable)
rNeg    . . .        a - +0 animal skin
rPois   .            (helmet currently unavailable)
rElec   .            (cloak currently unavailable)
rCorr   .            (gloves unavailable)
SInv    .            (boots unavailable)
Will    .....        (no amulet)
Stlth   +            e - ring of the Ensconced Sage {rF+, Self, Fort} (curse)
HPRegen 0.32/turn    w - +4 ring of protection
MPRegen 0.16/turn

%: resist mutation
@: beast-form, lightly drained
A: beast (slay +2), large, unfitting armour, tough skin 1
a: Begin Untransformation, Renounce Religion, Curse Item, Shatter the Chains


You were on level 7 of the Dungeon.
You worshipped Ashenzari.
Ashenzari was noncommittal.
You were a hulking beast.
You visited 2 branches of the dungeon, and saw 8 of its levels.

You collected 409 gold pieces.

Inventory:

Hand Weapons
 l - a +0 giant spiked club
 t - the +7 lajatang of Order (weapon) {silver, rMut}
   (You acquired it on level 6 of the Dungeon)

   rMut:      It protects you from mutation.
 x - a +3 short sword of draining
 C - the +8 mace "Qato" {heavy, Drain rElec rF++ rN+}
   (You found it on level 6 of the Dungeon)

   rF++:      It greatly protects you from fire.
   rElec:     It insulates you from electricity.
   rN+:       It protects you from negative energy.
   Drain:     It drains your maximum health when unequipped.
Armour
 a - a +0 animal skin (worn)
 p - a +0 cloak
Jewellery
 b - a ring of resist corrosion
 e - the cursed ring of the Ensconced Sage (left hand) {rF+, Self, Fort}
   (You found it on level 1 of the Dungeon)

   [ring of protection from fire]

   rF+:       It protects you from fire.
   It has a curse which improves the following skills: Introspection: Fighting
   and Spellcasting.
   Fortitude: Armour and Shields.
 h - a ring of see invisible
 k - a +5 ring of evasion
 w - a +4 ring of protection (right hand)
Talismans
 c - a beast talisman (active)
 d - a flux talisman
Wands
 A - a wand of flame (12)
Scrolls
 f - 2 scrolls of teleportation
 g - a scroll of poison {unknown}
 i - 2 scrolls of immolation
 j - 2 scrolls of torment
 n - a scroll of identify
 o - 3 scrolls of blinking
 s - a scroll of fog
 v - a scroll of enchant weapon {unknown}
 y - a scroll of noise {unknown}
 z - a scroll of brand weapon {unknown}
 B - a scroll of revelation {unknown}
Potions
 m - a potion of curing
 q - a potion of might {unknown}
 r - a potion of attraction {unknown}
 u - a potion of cancellation {unknown}
 D - 2 potions of lignification


   Skills:
 - Level 1.3(1.6) Fighting
 + Level 3.9 Staves
 - Level 1.7 Dodging
 - Level 6.3 Unarmed Combat
 - Level 6.8(7.2) Spellcasting
 * Level 7.0 Air Magic
 - Level 3.0 Shapeshifting


You had 18 spell levels left.
You knew the following spells:

 Your Spells              Type           Power      Damage    Failure   Level
a - Airstrike             Air            11%        2d(2-18)  9%          4

Your spell library contained the following spells:

 Spells                   Type           Power      Damage    Failure   Level
 Swiftness                Air            22%        N/A       2%          3
 Shock                    Conj/Air       52%        1d6       3%          1
 Static Discharge         Conj/Air       26%        2-4/arc   5%          2
 Cigotuvi's Dreadful Rot  Necr/Pois/Air  20%        N/A       9%          2
 Lesser Beckoning         Tloc           8%         N/A       22%         2
 Summon Lightning Spire   Summ/Air       13%        N/A       34%         4
 Frozen Ramparts          Ice            8%         1d2       41%         3
 Gell's Gravitas          Tloc           4%         N/A       41%         3
 Ignite Poison            Fire/Tmut/Pois 4%         N/A       41%         3
 Teleport Other           Tloc           4%         N/A       41%         3
 Petrify                  Tmut/Erth      4%         N/A       83%         4
 Freezing Cloud           Conj/Ice/Air   5%         6-21      85%         5
 Metabolic Englaciation   Hex/Ice        2%         N/A       99%         5


Dungeon Overview and Level Annotations

Branches:
Dungeon (7/15)             Temple (1/1) D:4

Altars:
Ashenzari
Cheibriados
Elyvilon
Fedhas
Gozag
Hepliaklqana
Kikubaaqudgha
Makhleb
Nemelex Xobeh
Okawaru
Ru
Uskayaw
Vehumet
Xom
Zin
The Shining One

Shops:
D:4 ?   D:5 :

Annotations:
D:6 Maggie


Innate Abilities, Weirdness & Mutations

You are a hulking beast.
Your limbs bulge with bestial killing power. (Slay +2)
You are too large for most types of armour.
You have tough skin. (AC +1)


Message History

You kill the hound!
A wight comes into view. It is wielding a +0 mace.
A wight comes into view. It is wielding a +3 spear.
A wight comes into view.
It is wielding a +2 hand axe of electrocution.
You see here a hound corpse.
Unknown command.
You see here a hound corpse.
Things that are here:
a +0 spear; a +0 robe
Aiming: Throw Flame
Press: ? - help, Shift-Dir - straight line, f - wight
Aim: a wight, wielding a +0 mace and wearing a +0 robe (68% to hit)
The puff of flame hits the wight but does no damage.
Unknown command.
Aiming: Throw Flame
Press: ? - help, Shift-Dir - straight line, f/p - wight
Aim: a wight, wielding a +0 mace and wearing a +0 robe (68% to hit)
The puff of flame misses the wight.
Unknown command.
The wight hits you with a +0 mace.
You closely miss the wight. The wight hits you with a +0 mace.
You feel drained.
You slice the wight!!
You destroy the wight!
The wight hits you with a +2 hand axe of electrocution.
Your life force feels restored.
Your Air Magic skill increases to level 7!
Unknown command.
You closely miss the wight. The wight closely misses you.
The wight hits you with a +2 hand axe of electrocution.
You feel drained.
You are electrocuted!
You closely miss the wight. The wight hits you but does no damage.
The wight hits you with a +2 hand axe of electrocution!
You closely miss the wight.
The wight hits you with a +2 hand axe of electrocution.
* * * LOW HITPOINT WARNING * * *
You feel drained.
You are electrocuted!
* * * LOW HITPOINT WARNING * * *
The wight hits you from afar with a +3 spear!
You die...

####..# ..
#.###.# #.....##
####.###..###
#....###....#
#....))).##....#
#..).##..# ##...
###)..##.# ..
#h#.##..# .
#z#.##..#
#z#.##...
#.#.##.#..
#.#.##.###.
#.#.# ..#..
.$... ...


You could see 2 wights.

Vanquished Creatures
  Sigmund (D:5)
  Edmund (D:6)
  Duvessa (D:6)
  An ice beast (D:5)
  3 sky beasts
  2 ogres
  2 phantoms
  4 scorpions
  10 wights
  Dowan (D:6)
  2 hounds
  Crazy Yiuf (D:2)
  A jelly (D:6)
  3 orc priests
  2 iguanas
  Terence (D:2)
  2 orc wizards
  Natasha (twice) (D:3)
  11 adders
  A white imp (D:7)
  2 ufetubi
  A worm (D:5)
  4 dart slugs
  11 orcs
  10 endoplasms
  A giant cockroach (D:4)
  8 goblins
  3 hobgoblins
  15 jackals
  3 quokkas
  7 ball pythons
  10 bats
  6 frilled lizards
  7 kobolds
  7 rats
147 creatures vanquished.

Notes
Turn   | Place    | Note
-------+----------+-------------------------------------------
     0 | D:1      | Shayle the Ogre Shapeshifter began the quest for the Orb.
     0 | D:1      | Reached XP level 1. HP: 19/19 MP: 1/1
   207 | D:1      | Reached skill level 1 in Spellcasting
   207 | D:1      | Reached XP level 2. HP: 20/27 MP: 3/3
   552 | D:1      | Reached XP level 3. HP: 28/33 MP: 5/5
  1287 | D:2      | Noticed Terence
  1298 | D:2      | Killed Terence
  1299 | D:2      | Reached XP level 4. HP: 21/41 MP: 6/8
  1865 | D:2      | Found a runed translucent door.
  1866 | D:2      | Noticed Crazy Yiuf
  2443 | D:3      | Reached XP level 5. HP: 46/48 MP: 9/9
  2443 | D:3      | Noticed Natasha
  3267 | D:3      | Found a radiant altar of Vehumet.
  3281 | D:3      | Reached XP level 6. HP: 48/55 MP: 12/12
  3340 | D:3      | Killed Natasha
  3357 | D:3      | Noticed Natasha
  3371 | D:3      | Killed Natasha
  3552 | D:3      | Found a faded altar of an unknown god.
  3565 | D:3      | Reached skill level 5 in Unarmed Combat
  3795 | D:4      | Reached skill level 5 in Spellcasting
  3795 | D:4      | Reached XP level 7. HP: 31/62 MP: 14/14
  3841 | D:4      | Found Ryitoss's Magic Scroll Emporium.
  4116 | D:4      | Learned a level 4 spell: Airstrike
  4485 | D:4      | Found a staircase to the Ecumenical Temple.
  4493 | Temple   | Entered the Ecumenical Temple
  4500 | Temple   | Became a worshipper of Ashenzari the Shackled
  4643 | D:4      | Reached skill level 1 in Air Magic
  4956 | D:5      | Entered Level 5 of the Dungeon
  5154 | D:5      | Reached skill level 2 in Air Magic
  5394 | D:5      | Found a blossoming altar of Fedhas.
  5394 | D:5      | Found an ancient bone altar of Kikubaaqudgha.
  5402 | D:5      | Noticed Sigmund
  5423 | D:5      | Killed Sigmund
  5424 | D:5      | Reached skill level 3 in Air Magic
  5424 | D:5      | Reached XP level 8. HP: 57/70 MP: 17/17
  5637 | D:5      | Found Zeohudwi's Book Shoppe.
  6111 | D:6      | Reached skill level 4 in Air Magic
  6335 | D:6      | Identified a scroll of acquirement
  6335 | D:6      | Acquired the +7 lajatang of Order {silver, rMut}
  6335 | D:6      | Found the +7 lajatang of Order {silver, rMut}
  6364 | D:6      | Reached skill level 1 in Staves
  6371 | D:6      | Reached skill level 5 in Air Magic
  6588 | D:6      | Reached XP level 9. HP: 78/78 MP: 19/19
  6664 | D:6      | Noticed Edmund
  6671 | D:6      | Killed Edmund
  6757 | D:6      | Noticed Duvessa
  6758 | D:6      | Noticed Dowan
  6763 | D:6      | Killed Duvessa
  6764 | D:6      | Reached skill level 6 in Air Magic
  6771 | D:6      | Killed Dowan
  7212 | D:6      | Identified the +8 mace "Qato" {heavy, Drain rElec rF++ rN+}
  7574 | D:6      | Noticed Maggie
  7795 | D:2      | Killed Crazy Yiuf
  8284 | D:7      | Reached skill level 7 in Air Magic
  8286 | D:7      | Slain by a wight

Illustrated notes

Levels and vault maps discovered:
D:1:      mrwooster_arrival_statue_3, layout_basic
D:2:      layout_loops_corners, uniq_terence, uniq_crazy_yiuf_cottage
D:3:      layout_loops_ring, mainiacjoe_overflow_small_starburst,
          shapermc_ecumenical_altar_notcrosses, roderic_serpentine_path,
          uniq_natasha
D:4:      cheibrodos_old_hovel, layout_cave_pods, minmay_temple_entry_wispy,
          nicolae_stop_n_shop_2
D:5:      layout_gridville, grunt_temple_overflow_growth_and_decay,
          serial_shops, kennysheep_mini, uniq_sigmund
D:6:      layout_loops_corners, kennysheep_flooded_box, uniq_maggie,
          uniq_duvessa, uniq_edmund
D:7:      layout_rooms
Temple:   hellmonk_temple_forest_ring

Skill      XL: |  1  2  3  4  5  6  7  8  9 |
---------------+----------------------------+-----
Spellcasting   | 1 2 3 4 5 6 |  6.8
Unarmed Combat | 3 4 5 6 |  6.3
Air Magic      | 3 5 7 |  7.0
Staves         | 2 3 |  3.9
Fighting       | |  1.3
Dodging        | |  1.7
Shapeshifting  | |  3.0

Action                     |  1- 3 |  4- 6 |  7- 9 || total
---------------------------+-------+-------+-------++-------
  Melee: Unarmed           |   120 |   158 |       ||   278
         Punch             |     2 |     4 |     7 ||    13
         Short sword       |       |       |   176 ||   176
         Giant club        |       |       |    47 ||    47
         Lajatang          |       |       |    82 ||    82
 Invoke: Curse Item        |       |       |     1 ||     1
  Evoke: Wand              |       |       |     4 ||     4
    Use: Potion            |     1 |       |     2 ||     3
         Scroll            |       |     1 |     8 ||     9
   Stab: Sleeping          |     1 |     1 |       ||     2
 Armour: Animal skin       |    30 |    30 |    49 ||   109
         Skin              |     2 |       |       ||     2
  Dodge: Dodged            |    66 |   115 |   204 ||   385

Table legend: (Time is in decaauts)
 A = Elapsed time spent in this place.
 B = Non-inter-level travel time spent in this place.
 C = Inter-level travel time spent in this place.
 D = Time resting spent in this place.
 E = Time spent auto-exploring this place.
 F = Levels seen in this place.
 G = Mean time per level.
                   A        B        C        D        E       F      G
               +--------+--------+--------+--------+--------+-----+--------+
         Total |   8323 |   7890 |    433 |   1197 |   5359 |   8 | 1040.4 |
       Dungeon |   8309 |   7882 |    427 |   1197 |   5359 |   7 | 1187.0 |
        Temple |     13 |      7 |      6 |      0 |      0 |   1 |   13.0 |
               +--------+--------+--------+--------+--------+-----+--------+

Top non-repeatable levels by time:
     D:6: 2061 daAuts
     D:3: 1493 daAuts
     D:2: 1376 daAuts
     D:4: 1219 daAuts
     D:1: 1074 daAuts
     D:5: 819 daAuts
     D:7: 264 daAuts
  Temple: 13 daAuts
